 Dungeon Sprint DCSS version 0.30-a0-534-gdc55766716 (webtiles) character file.

Game seed: 8086209245036034798

566 rocky1 the Basher (level 7, 0/49 HPs)
             Began as a Gargoyle Fighter on Dec 25, 2022.
             Was an Initiate of Gozag.
             Slain by a fire elemental (6 damage)
             ... summoned by a deep elf pyromancer
             ... in the Dungeon (Sprint III: "The Ten Rune Challenge").
             The game lasted 00:01:59 (661 turns).

rocky1 the Basher (Gargoyle Fighter)                 Turns: 661, Time: 00:01:59

Health: 0/49       AC: 13    Str: 19    XL:     7   Next: 32%
Magic:  7/7        EV: 10    Int:  9    God:    Gozag
Gold:   412        SH:  5    Dex: 11    Spells: 6/6 levels left

rFire   . . .      SeeInvis .    a - +0 flail
rCold   . . .      Faith    .    c - +0 buckler
rNeg    + . .      Spirit   .    b - +0 scale mail
rPois   ∞          Reflect  .    (no helmet)
rElec   +          Harm     .    (no cloak)
rCorr   .          Rampage  .    (no gloves)
Will    .....      NoTele   +    (no boots) Stlth
                                 (no amulet)
HPRegen 0.28/turn                (no ring)
MPRegen 0.10/turn                (no ring)

@: studying Dodging
A: sickness immunity, AC +4, negative energy resistance 1, electricity
resistance, torment resistance 1, petrification resistance, mutation resistance
1, MP-powered wands
a: Renounce Religion, Potion Petition, Call Merchant, Bribe Branch


You were in the Dungeon.
You worshipped Gozag.
Gozag was aware of your devotion.
You visited 1 branch You collected 412 gold pieces.

Inventory:

Hand Weapons
 a - a +0 flail (weapon)
Armour
 b - a +0 scale mail (worn)
 c - a +0 buckler (worn)
Scrolls
 f - a scroll of immolation {unknown}
 j - a scroll of blinking
 k - 3 scrolls of identify
 m - 2 scrolls of torment {unknown}
Potions
 d - a potion of might
 e - 2 potions of curing
 g - a potion of haste
 h - 2 potions of magic
 l - 4 potions of flight
 n - 4 potions of mutation


   Skills:
 + Level 8.2 Fighting
 + Level 10.4 Maces & Flails
 + Level 8.3 Armour
 + Level 2.0 Dodging
 + Level 6.8 Shields


You had 6 spell levels left.
You didn't know any spells.
Your spell library contained the following spells:

 Spells                   Type           Power      Damage    Failure   Level
 Manifold Assault         Tloc           0%         N/A       100%        4
 Dispersal                Tloc           0%         N/A       100%        6
 Disjunction              Tloc           0%         N/A       100%        8


Dungeon Overview and Level Annotations

Branches:
Dungeon (1/1)

Altars:
Cheibriados
Dithmenos
Elyvilon
Fedhas
Gozag
Hepliaklqana
Kikubaaqudgha
Makhleb
Nemelex Xobeh
Qazlal
Ru
Sif Muna
Vehumet
Xom
Yredelemnul
Zin
The Shining One
Jiyva
Lugonu


Innate Abilities, Weirdness & Mutations

You are immune to sickness and miasma.
Your stone body is resilient. (AC +4)
You are immune to poison.
You resist negative energy. (rN+)
You are resistant to electric shocks. (rElec)
You are resistant to unholy torment.
You are immune to petrification.
You are somewhat resistant to further mutation.
You expend magic power (3 MP) to strengthen your wands.


Message History

You pick up a book of the Warp and begin reading...
You add the spells Manifold Assault, Dispersal and Disjunction to your library.
You pick up a manual of Dodging and begin studying.
You start resting.
You are no longer corroded.
There is an open door here.
You start resting.
HP restored.
You start waiting.
Done waiting.
Things that are here:
a +0 dagger; a +0 robe
There is a fountain of clear blue water here.
You open the door.
Found three altars.
A deep elf pyromancer comes into view.
It is wielding a +0 long sword of holy wrath.
Found a potion of curing.
The deep elf pyromancer shouts!
There is an open door here.
You barely miss the deep elf pyromancer.
The deep elf pyromancer hits you with a +0 long sword of holy wrath.
You sock the deep elf pyromancer!
The deep elf pyromancer is moderately wounded.
The deep elf pyromancer mumbles some strange words.
You barely miss the deep elf pyromancer.
The deep elf pyromancer is moderately wounded.
The fire elemental hits you. The fire elemental burns you!
The deep elf pyromancer gestures at you while chanting.
The bolt of fire hits you!!
Ouch! That really hurt!
* * * LOW HITPOINT WARNING * * *
The bolt of fire hits the fire elemental.
The fire elemental completely resists.
You hit the deep elf pyromancer.
The deep elf pyromancer is moderately wounded.
The fire elemental hits you. The fire elemental burns you!
* * * LOW HITPOINT WARNING * * *
The fire elemental hits you. The fire elemental burns you!
You die...
Your body crumbles into a pile of gold. ▓▓▓▓ ▓▓▓ ...#### ##.##### ####$ $$$$

......#####..#_○_# #__#$$$
$$ $ ...†...#..#..#!eE#
#._#$
#.##...#..#..###@#+###)##
$
#.###..##'#..#...E......#$
##.##..###...'.⌠........#$
..##.†####...#)..######'#
$ $
..##..###....#.⌠.#__#...#
.##...##.....#.).#__#...#
##....#......#'###__#...#
##..##.#.....#...#__#...+
#.. ####....#___#__'...#


You could see a deep elf pyromancer and 2 fire elementals.

Vanquished Creatures
  A shadow (D)
  A spatial vortex (D)
  A necrophage (D)
  A water elemental (D)
  A scorpion (D)
  A jelly (D)
  A necromancer (D)
  A kobold demonologist (D)
  A human (D)
  4 rats (D)
13 creatures vanquished.

Vanquished Creatures (others)
  A wizard (D)
1 creature vanquished.

Grand Total: 14 creatures vanquished

Notes
Turn   | Place    | Note
-------+----------+-------------------------------------------
     0 | D        | rocky1 the Gargoyle Fighter began the quest for the Orb.
     0 | D        | Reached XP level 1. HP: 14/14 MP: 1/1
    53 | D        | Noticed a scorpion
    65 | D        | Killed a scorpion
    66 | D        | Reached skill level 5 in Fighting
    66 | D        | Reached skill level 4 in Maces & Flails
    66 | D        | Reached skill level 5 in Armour
    66 | D        | Reached skill level 5 in Shields
    66 | D        | Reached XP level 2. HP: 2/21 MP: 2/2
    66 | D        | Reached XP level 3. HP: 3/26 MP: 3/3
    66 | D        | Reached XP level 4. HP: 3/31 MP: 4/4
   105 | D        | Gained mutation: You expend magic power (3 MP) to
                  | strengthen your wands. [potion of mutation]
   105 | D        | Gained mutation: You are somewhat resistant to further
                  | mutation. [potion of mutation]
   113 | D        | Noticed a water elemental
   121 | D        | Killed a water elemental
   122 | D        | Reached skill level 5 in Maces & Flails
   122 | D        | Reached XP level 5. HP: 36/36 MP: 5/5
   178 | D        | Reached skill level 6 in Maces & Flails
   218 | D        | Noticed a shadow
   231 | D        | Killed a shadow
   232 | D        | Reached skill level 8 in Maces & Flails
   232 | D        | Reached skill level 1 in Dodging
   232 | D        | Reached XP level 6. HP: 10/44 MP: 6/6
   362 | D        | Found a blossoming altar of Fedhas.
   362 | D        | Found a stormy altar of Qazlal.
   362 | D        | Found a snail-covered altar of Cheibriados.
   362 | D        | Found a burning altar of Makhleb.
   362 | D        | Found a shimmering altar of Xom.
   363 | D        | Found a hazy altar of Hepliaklqana.
   363 | D        | Found an opulent altar of Gozag.
   363 | D        | Found a sparkling altar of Nemelex Xobeh.
   363 | D        | Found a corrupted altar of Lugonu.
   363 | D        | Found a viscous altar of Jiyva.
   363 | D        | Noticed a spatial vortex
   368 | D        | Became a worshipper of Gozag Ym Sagoz the Greedy
   379 | D        | Killed a spatial vortex
   380 | D        | Reached skill level 9 in Maces & Flails
   380 | D        | Reached XP level 7. HP: 42/48 MP: 7/7
   396 | D        | Found a basalt altar of Yredelemnul.
   396 | D        | Found a shadowy altar of Dithmenos.
   396 | D        | Found a sacrificial altar of Ru.
   409 | D        | Reached skill level 10 in Maces & Flails
   454 | D        | Found a radiant altar of Vehumet.
   454 | D        | Found a shimmering blue altar of Sif Muna.
   454 | D        | Found an ancient bone altar of Kikubaaqudgha.
   458 | D        | Noticed a rust devil
   656 | D        | Found a glowing silver altar of Zin.
   656 | D        | Found a glowing golden altar of the Shining One.
   656 | D        | Found a white marble altar of Elyvilon.
   657 | D        | Noticed a deep elf pyromancer
   660 | D        | Noticed a fire elemental
   660 | D        | Noticed a fire elemental
   661 | D        | Slain by a fire elemental

Illustrated notes

Levels and vault maps discovered:
D:        dungeon_sprint_mu [sprint_mu_entry_cave, sprint_mu_temple_rooms,
          sprint_mu_d1_spiders, sprint_mu_d2_genie, sprint_mu_d3_branching,
          sprint_mu_orc_legion, sprint_mu_elf_gauntlet, sprint_mu_hive_nellie,
          sprint_mu_lair_fedhas, sprint_mu_vaults_butterflies,
          sprint_mu_slime_circle, sprint_mu_swamp_cave, sprint_mu_snake_twists,
          sprint_mu_blade_basic, sprint_mu_crypt_chambers,
          sprint_mu_tomb_spiral, sprint_mu_vestibule_basic,
          sprint_mu_gehenna_hellfire, sprint_mu_dis_giant,
          sprint_mu_tartarus_statrot, sprint_mu_cocytus_islands, sprint_mu_zot1]

Skill      XL: |  1  2  3  4  5  6  7 |
---------------+----------------------+-----
Fighting       | 5 6 7 8 |  8.2
Maces & Flails | 4 5 8 9 10 | 10.4
Armour         | 5 6 7 8 |  8.3
Shields        | 5 6 |  6.8
Dodging        | 1 2 |  2.0

Action                   |  1- 3 |  4- 6 |  7- 9 || total
-------------------------+-------+-------+-------++-------
Melee: Flail             |    19 |    48 |    25 ||    92
  Use: Potion            |       |     3 |       ||     3
Armor: Scale mail        |     6 |    11 |     8 ||    25
Dodge: Dodged            |     7 |    13 |     7 ||    27
Block: Buckler           |     3 |     8 |     3 ||    14

Table legend: (Time is in decaauts)
 A = Elapsed time spent in this place.
 B = Non-inter-level travel time spent in this place.
 C = Inter-level travel time spent in this place.
 D = Time resting spent in this place.
 E = Time spent auto-exploring this place.
 F = Levels seen in this place.
 G = Mean time per level.
                   A        B        C        D        E       F      G
               +--------+--------+--------+--------+--------+-----+--------+
         Total |    680 |    680 |      0 |    399 |     35 |   1 |  680.0 |
       Dungeon |    680 |    680 |      0 |    399 |     35 |   1 |  680.0 |
               +--------+--------+--------+--------+--------+-----+--------+

Top non-repeatable levels by time:
       D: 680 daAuts
